 Dungeon Crawl Stone Soup version 0.29.1-1-gd02db6906a (webtiles) character file.

Game seed: 6286294730699207279

343 sizableburger the Cudgeller (level 6, -3/48 HPs)
             Began as a Mummy Monk on Sept 29, 2022.
             Was an Initiate of Ashenzari.
             Splashed by a jelly's acid (6 damage)
             ... on level 4 of the Dungeon.
             The game lasted 00:10:02 (5685 turns).

sizableburger the Cudgeller (Mummy Monk)            Turns: 5685, Time: 00:10:04

Health: -3/48      AC:  1    Str: 17    XL:     6   Next: 31%
Magic:  11/11      EV: 15    Int:  9    God:    Ashenzari [......]
Gold:   155        SH:  3    Dex: 14    Spells: 9/12 levels left

rFire   . . .      SeeInvis .   f - +0 whip
rCold   . . .      Faith    .   i - +0 buckler
rNeg    + + +      Spirit   .   j - +0 ring mail
rPois   ∞          Reflect  .   (no helmet)
rElec   .          Harm     .   (no cloak)
rCorr   .          Rampage  .   (no gloves)
Will    .....                   (no boots)
Stlth   +.........              (no amulet)
HPRegen 0.16/turn               g - ring of Ashenzari's Augurer {EV+4, Comp, Bglg} (curse)
MPRegen 0.12/turn               k - ring of fire

@: corroded
A: cold resistance 1, negative energy resistance 3, torment resistance 2, heat
vulnerability 1, in touch with death 1, no potions
a: Renounce Religion, Shatter the Chains


You were on level 4 of the Dungeon.
You worshipped Ashenzari.
Ashenzari was noncommittal.
You visited 2 branches of the dungeon, and saw 5 of its levels.

You collected 155 gold pieces.

Inventory:

Hand Weapons
 a - a +0 mace
 f - a +0 whip (weapon)
Armour
 i - a +0 buckler (worn)
 j - a +0 ring mail (worn)
Jewellery
 c - a ring of flight
 g - the cursed ring of Ashenzari's Augurer (left hand) {EV+4, Comp, Bglg}
   (You found it on level 1 of the Dungeon)

   [ring of evasion]

   EV:        It affects your evasion (+4).
   It has a curse which improves the following skills: Companions: Summonings
   and Necromancy.
   Beguiling: Conjurations, Hexes and Translocations.
 k - a ring of fire (right hand)
 m - an amulet of magic regeneration
Scrolls
 b - a scroll of identify
 d - a scroll of enchant armour
 e - a scroll of acquirement
 h - 2 scrolls of amnesia
 l - a scroll of magic mapping


   Skills:
 + Level 4.0 Fighting
 - Level 4.0 Maces & Flails
 - Level 2.4 Dodging
 - Level 1.6 Stealth
 + Level 3.6 Spellcasting
 + Level 2.5(2.9) Necromancy


You had 9 spell levels left.
You knew the following spells:

 Your Spells              Type           Power      Damage    Failure   Level
a - Vampiric Draining     Necr           10%        2d6       54%         3

Your spell library contained the following spells:

 Spells                   Type           Power      Damage    Failure   Level
 Apportation              Tloc           2%         N/A       58%         1
 Sandblast                Erth           2%         2d4       58%         1
 Slow                     Hex            4%         N/A       58%         1
 Passwall                 Tmut/Erth      0%         N/A       73%         2
 Confusing Touch          Hex            1%         N/A       91%         3
 Stone Arrow              Conj/Erth      2%         3d7       91%         3
 Alistair's Intoxication  Tmut/Pois      0%         N/A       100%        5


Dungeon Overview and Level Annotations

Branches:
Dungeon (4/15)             Temple (1/1) D:4

Altars:
Ashenzari
Dithmenos
Fedhas
Gozag
Makhleb
Nemelex Xobeh
Okawaru
Qazlal
Trog
Uskayaw
Vehumet
Xom
Yredelemnul

Annotations:
D:4 3 runed translucent doors


Innate Abilities, Weirdness & Mutations

You are immune to poison.
Your flesh is cold resistant. (rC+)
You are immune to negative energy. (rN+++)
You are immune to unholy pain and torment.
You are vulnerable to heat. (rF-)
You are in touch with the powers of death.
You do not drink.


Message History

The jelly barely misses you.
You hit the jelly.
Your hands burn!
The jelly is severely wounded.
The jelly closely misses you.
You are too injured to fight recklessly!
You are too injured to fight recklessly!
You are too injured to fight recklessly!
You are too injured to fight recklessly!
You are too injured to fight recklessly!
You hit the jelly.
Your hands burn!
The jelly is almost dead.
The jelly hits you.
You are splashed with acid!
* * * LOW HITPOINT WARNING * * *
You barely miss the jelly.
The jelly is almost dead.
The jelly hits you but does no damage.
You can't drink.
Okay, then.
Okay, then.
Okay, then.
As you read the scroll labelled CIREDW PICW, it crumbles to dust.
You feel aware of your surroundings.
It was a scroll of magic mapping.
The jelly hits you but does no damage.
Okay, then.
You aren't carrying any items that you can evoke.
You hit the jelly.
Your hands burn!
* * * LOW HITPOINT WARNING * * *
The jelly is almost dead.
The jelly hits you but does no damage.
You hit the jelly.
Your hands burn!
* * * LOW HITPOINT WARNING * * *
The jelly is almost dead.
You block the jelly's attack.
You hit the jelly.
Your hands burn!
* * * LOW HITPOINT WARNING * * *
The jelly is almost dead.
The jelly hits you.
* * * LOW HITPOINT WARNING * * *
The acid corrodes you!
You are splashed with acid.
You die...

#..,#......#,,#......#....
*...+......#,.#......#....
**##.#####.##..#.)....#####
*,......#..##..##..........
*,......#.......#..........
*,..............#..........
*,.........##...#!.........
**######..###...##+#####.##
#..@.#,...,,,,,#....
#..J.#,,..,,,,,#.g.#
#....#,,,,,,,,,#g..#
#....#****#######'##
##.##.,,,,..........
*...*..,,,..........
*...*...,,..........
#..,*...,,..........
*,,,*,,,,,..........


You could see a jelly.

Vanquished Creatures
  An orc priest (D:4)
  A hound (D:4)
  2 iguanas (D:4)
  An orc wizard (D:4)
  7 adders
  3 gnolls
  A worm (D:3)
  3 dart slugs
  12 orcs
  10 ball pythons
  14 endoplasms
  4 giant cockroaches
  4 goblins
  9 hobgoblins
  3 jackals (D:3)
  7 kobolds
  4 quokkas
  6 bats
  2 frilled lizards
  2 rats
96 creatures vanquished.

Notes
Turn   | Place    | Note
-------+----------+-------------------------------------------
     0 | D:1      | sizableburger the Mummy Monk began the quest for the Orb.
     0 | D:1      | Reached XP level 1. HP: 18/18 MP: 1/1
    81 | D:1      | Found a faded altar of an unknown god.
   107 | D:1      | Reached XP level 2. HP: 20/24 MP: 2/2
   857 | D:1      | Gained mutation: You are in touch with the powers of death.
                  | [Mummy growth]
   857 | D:1      | Reached XP level 3. HP: 11/29 MP: 3/3
  2073 | D:2      | Reached skill level 1 in Spellcasting
  2114 | D:2      | Reached XP level 4. HP: 33/35 MP: 5/5
  2755 | D:3      | Learned a level 3 spell: Vampiric Draining
  3050 | D:3      | Found a shadowy altar of Dithmenos.
  3372 | D:3      | Reached skill level 1 in Necromancy
  3787 | D:2      | Reached XP level 5. HP: 25/41 MP: 8/8
  4182 | D:4      | Identified a scroll of acquirement
  4660 | D:4      | Found a blossoming altar of Fedhas.
  4716 | D:4      | Found a runed translucent gate.
  4716 | D:4      | Found a runed translucent gate.
  4716 | D:4      | Found a runed translucent gate.
  4873 | D:4      | Reached XP level 6. HP: 29/48 MP: 10/10
  5022 | D:4      | Found a staircase to the Ecumenical Temple.
  5033 | Temple   | Entered the Ecumenical Temple
  5050 | Temple   | Became a worshipper of Ashenzari the Shackled
  5685 | D:4      | Splashed by a jelly's acid

Illustrated notes

Levels and vault maps discovered:
D:1:      ncdulo_watergridlock, layout_rooms, serial_co_window_serial,
          co_window_of_opportunity_a, co_window_corner_a,
          co_window_of_opportunity_a, co_window_paths_a, co_window_paths_a,
          co_window_corner_a, co_window_paths_a, co_window_broadway_c,
          co_window_of_opportunity_b, co_window_unsneaky_path_d,
          co_window_corner_b, co_window_paths_c, co_window_unsneaky_path_c,
          co_window_corner_b, glass_columns_c, glass_columns_c, glass_columns_a,
          hellmonk_ecumenical_altar_run_dry, serial_bayou_pond_e
D:2:      layout_loops_ring
D:3:      layout_basic, grunt_dithmenos_smoke
D:4:      layout_gridville, fedhas_altar_4, temple_doors_e, gammafunk_ghost_icy
Temple:   hellmonk_temple_two_chambers

Skill      XL: |  1  2  3  4  5  6 |
---------------+-------------------+-----
Maces & Flails | 3 4 |  4.0
Spellcasting   | 1 2 3 |  3.6
Necromancy     | 1 2 |  2.5
Fighting       | 4 |  4.0
Dodging        | |  2.4
Stealth        | |  1.6

Action                   |  1- 3 |  4- 6 || total
-------------------------+-------+-------++-------
Melee: Mace              |    60 |       ||    60
       Whip              |    68 |   329 ||   397
       Punch             |     1 |       ||     1
Invok: Curse Item        |       |     1 ||     1
  Use: Scroll            |       |     6 ||     6
 Stab: Sleeping          |     9 |     2 ||    11
Armor: Robe              |    17 |       ||    17
       Ring mail         |       |    53 ||    53
Dodge: Dodged            |    78 |   223 ||   301
Block: Buckler           |     5 |    48 ||    53
